 Dungeon Sprint DCSS version 0.32-a0-485-g70f7560b1c (webtiles) character file.

Game seed: 10129379113637199319

321 rocky1 the Apothecary (level 6, -4/72 HPs)
             Began as a Coglin Alchemist on Feb 26, 2024.
             Was a High Priest of Cheibriados.
             Slain by a demonic crawler (12 damage)
             ... in the Dungeon (Sprint VII: "The Pits").
             The game lasted 00:03:04 (1413 turns).

rocky1 the Apothecary (Coglin Alchemist)            Turns: 1413, Time: 00:03:05

Health: -4/72      AC: 12    Str: 25    XL:     6   Next: 46%
Magic:  11/11      EV: 12    Int: 28    God:    Cheibriados [*****.]
Gold:   0          SH:  0    Dex: 28    Spells: 11/12 levels left

rFire   . . .        q - +1 long sword (holy) {Londisizwe}
rCold   . . .        p - +2 hand axe (freeze) {Hori}
rNeg    . . .        o - +3 chain mail
rPois   .            (no helmet)
rElec   .            (no cloak)
rCorr   .            (no gloves)
SInv    .            (no boots)
Will    .....        (no amulet) Stlth
                     (ring unavailable)
HPRegen 0.32/turn    (ring unavailable)
MPRegen 0.12/turn

%: no teleportation
@: berserking, revved, very slow
A: off-hand wielding, slow wielding, warmup strikes, no rings
a: Renounce Religion, Bend Time, Temporal Distortion, Slouch, Step From Time


You were in the Dungeon.
You worshipped Cheibriados.
Cheibriados was extremely pleased with you.
You visited 1 branch

Inventory:

Hand Weapons
 l - a +2 falchion {Ari}
 m - a +2 mace {Inés}
 n - a +2 hand axe {Ashmeen}
 p - a +2 hand axe of freezing (offhand) {Hori}
 q - a +1 long sword of holy wrath (weapon) {Londisizwe}
Armour
 a - a +0 robe
 o - a +3 chain mail (worn)
Scrolls
 g - a scroll of blinking
 i - 2 scrolls of vulnerability
 j - 5 scrolls of amnesia
 k - a scroll of summoning
Potions
 b - 5 potions of magic
 c - 6 potions of curing
 d - 4 potions of heal wounds
 e - a potion of haste
 f - 2 potions of berserk rage
 h - 2 potions of invisibility


   Skills:
 + Level 3.9 Fighting
 + Level 3.8 Long Blades
 + Level 3.4 Maces & Flails
 + Level 3.5 Armour
 + Level 4.1 Dodging
 - Level 3.8 Stealth
 + Level 3.9 Spellcasting
 + Level 3.7 Conjurations
 + Level 5.8 Alchemy
 + Level 3.2 Invocations


You had 11 spell levels left.
You knew the following spells:

 Your Spells              Type           Power      Damage    Failure   Level
a - Sting                 Conj/Alch      100%       1d9       5%          1

Your spell library contained the following spells:

 Spells                   Type           Power      Damage    Failure   Level
 Mercury Vapours          Alch/Air       42%        N/A       19%         2
 Mephitic Cloud           Conj/Alch/Air  23%        N/A       32%         3
 Olgreb's Toxic Radiance  Alch           37%        N/A       36%         4
 Sticky Flame             Fire/Alch      21%        2d6       77%         4


Dungeon Overview and Level Annotations

Branches:
Dungeon (1/1)

Altars:
Ashenzari
Cheibriados
Dithmenos
Elyvilon
Fedhas
Gozag
Hepliaklqana
Kikubaaqudgha
Makhleb
Nemelex Xobeh
Okawaru
Qazlal
Ru
Sif Muna
Trog
Uskayaw
Vehumet
Wu Jian
Xom
Yredelemnul
Zin
The Shining One
Beogh
Jiyva
Lugonu


Innate Abilities, Weirdness & Mutations

You can wield a second weapon in your off-hand.
It takes a long time for you to wield or remove held weapons.
Your first few attacks do less damage.
Your grasper-arms cannot wear rings.


Message History

You hit the demonic crawler but do no damage.
You hit the demonic crawler with your +1 long sword of holy wrath.
The demonic crawler convulses.
The demonic crawler hits you! The demonic crawler hits you.
The demonic crawler barely misses you.
You slash the demonic crawler with your +1 long sword of holy wrath!
The demonic crawler convulses!
The demonic crawler is heavily wounded.
You hit the demonic crawler but do no damage.
The demonic crawler barely misses you. The demonic crawler hits you. x3
The demonic crawler hits you but does no damage.
The demonic crawler closely misses you.
You feel much better. The demonic crawler hits you.
The demonic crawler misses you. The demonic crawler hits you!
You feel much better.
The demonic crawler hits you but does no damage.
The demonic crawler hits you. The demonic crawler barely misses you.
The demonic crawler closely misses you. x2; The demonic crawler hits you!
A red film seems to cover your vision as you go berserk!
Cheibriados forces you to slow down.
You feel mighty! The demonic crawler hits you!
The demonic crawler barely misses you.
The demonic crawler hits you but does no damage.
You slash the demonic crawler with your +1 long sword of holy wrath!
The demonic crawler convulses!
The demonic crawler is moderately wounded.
You slash the demonic crawler with your +2 hand axe of freezing!
You freeze the demonic crawler! The demonic crawler hits you!
The demonic crawler barely misses you. x2
You barely miss the demonic crawler with your +1 long sword of holy wrath.
The demonic crawler is heavily wounded.
You barely miss the demonic crawler with your +2 hand axe of freezing.
The demonic crawler hits you!
* * * LOW HITPOINT WARNING * * *
The demonic crawler hits you.
* * * LOW HITPOINT WARNING * * *
The demonic crawler hits you.
* * * LOW HITPOINT WARNING * * *
The demonic crawler barely misses you. x2; The demonic crawler hits you!
You die...
Cheibriados appreciates the motionlessness of death.

#.#..[).)..##.......#
#'###########.......#
#))#.#.## #########
#.......# ##.#)#.##
#..)....#+#
##.#.#.##.+
#.......#s#
##.#.#..)@#
##########


You could see a demonic crawler.

Vanquished Creatures
  An ice beast (D)
  A scorpion (D)
  A wight (D)
  A jelly (D)
  An orc priest (D)
  A mummy (D)
  A gnoll (D)
  2 adders (D)
  4 orcs (D)
  A bat zombie (D)
  An endoplasm (D)
  A giant cockroach (D)
  2 jackals (D)
  2 frilled lizards (D)
  2 rats (D)
22 creatures vanquished.

Notes
Turn   | Place    | Note
-------+----------+-------------------------------------------
     0 | D        | rocky1 the Coglin Alchemist began the quest for the Orb.
     0 | D        | Reached XP level 1. HP: 13/13 MP: 3/3
    60 | D        | Found a bloodstained altar of Trog.
    60 | D        | Found a shimmering blue altar of Sif Muna.
    60 | D        | Found a viscous altar of Jiyva.
    60 | D        | Found a hazy altar of Hepliaklqana.
    60 | D        | Found an opulent altar of Gozag.
    61 | D        | Found a glowing golden altar of the Shining One.
    61 | D        | Found a glowing silver altar of Zin.
    61 | D        | Found a basalt altar of Yredelemnul.
    61 | D        | Found a shimmering altar of Xom.
    61 | D        | Found an ornate altar of the Wu Jian Council.
    61 | D        | Found a sacrificial altar of Ru.
    61 | D        | Found a stormy altar of Qazlal.
    61 | D        | Found an iron altar of Okawaru.
    61 | D        | Found a sparkling altar of Nemelex Xobeh.
    61 | D        | Found a burning altar of Makhleb.
    61 | D        | Found a blossoming altar of Fedhas.
    61 | D        | Found a white marble altar of Elyvilon.
    61 | D        | Found a shadowy altar of Dithmenos.
    61 | D        | Found a snail-covered altar of Cheibriados.
    64 | D        | Found a corrupted altar of Lugonu.
    64 | D        | Found a radiant altar of Vehumet.
    64 | D        | Found a roughly hewn altar of Beogh.
    65 | D        | Found an ancient bone altar of Kikubaaqudgha.
    65 | D        | Found a hide-covered altar of Uskayaw.
    65 | D        | Found a broken altar of Ashenzari.
    72 | D        | Became a worshipper of Cheibriados the Contemplative
    95 | D        | Reached * piety under Cheibriados
    96 | D        | Reached skill level 1 in Conjurations
    96 | D        | Reached XP level 2. HP: 8/20 MP: 5/5
   559 | D        | Reached ** piety under Cheibriados
   560 | D        | Reached skill level 1 in Fighting
   561 | D        | Reached skill level 1 in Long Blades
   677 | D        | Reached *** piety under Cheibriados
   678 | D        | Reached skill level 1 in Armour
   679 | D        | Reached skill level 1 in Maces & Flails
   679 | D        | Reached skill level 4 in Alchemy
   679 | D        | Reached skill level 1 in Invocations
   679 | D        | Reached XP level 3. HP: 10/26 MP: 6/6
   716 | D        | Noticed a scorpion
   720 | D        | Killed a scorpion
   720 | D        | Reached **** piety under Cheibriados
   721 | D        | Reached XP level 4. HP: 20/33 MP: 6/8
  1157 | D        | Noticed an ice beast
  1160 | D        | Reached ***** piety under Cheibriados
  1161 | D        | Reached skill level 5 in Alchemy
  1161 | D        | Reached XP level 5. HP: 13/41 MP: 3/9
  1161 | D        | Killed an ice beast
  1162 | D        | Reached XP level 6. HP: 16/47 MP: 3/11
  1406 | D        | Noticed a demonic crawler
  1413 | D        | Slain by a demonic crawler

Illustrated notes

Levels and vault maps discovered:
D:        pitsprint [storerooms_1, entrance_room_1, metal_vault_6, armoury_1,
          mini_pit_1, grid_room_1, main_hall_1, silver_pit, the_coven_3,
          the_vestibule_1, steel_vault_5, golden_pit, hallway_of_sentries,
          crystal_vault_4, iron_vault_4, final_vault]

Skill      XL: |  1  2  3  4  5  6 |
---------------+-------------------+-----
Dodging        | 2 3 4 |  4.1
Spellcasting   | 2 3 |  3.9
Conjurations   | 1 2 3 |  3.7
Stealth        | 2 3 |  3.8
Fighting       | 1 2 3 |  3.9
Long Blades    | 1 2 3 |  3.8
Armour         | 1 2 3 |  3.5
Maces & Flails | 1 2 3 |  3.4
Alchemy        | 4 5 |  5.8
Invocations    | 1 2 3 |  3.2

Action                     |  1- 3 |  4- 6 || total
---------------------------+-------+-------++-------
  Melee: Mace              |    13 |       ||    13
         Falchion          |    13 |     2 ||    15
         Hand axe          |     3 |    10 ||    13
         Long sword        |       |     9 ||     9
   Cast: Sting             |     1 |       ||     1
 Invoke: Slouch            |       |     1 ||     1
    Use: Potion            |       |     3 ||     3
   Stab: Sleeping          |     2 |       ||     2
 Armour: Robe              |    15 |       ||    15
         Chain mail        |       |    23 ||    23
  Dodge: Dodged            |    19 |    15 ||    34

Table legend: (Time is in decaauts)
 A = Elapsed time spent in this place.
 B = Non-inter-level travel time spent in this place.
 C = Inter-level travel time spent in this place.
 D = Time resting spent in this place.
 E = Time spent auto-exploring this place.
 F = Levels seen in this place.
 G = Mean time per level.
                   A        B        C        D        E       F      G
               +--------+--------+--------+--------+--------+-----+--------+
         Total |   1494 |   1494 |      0 |   1140 |      0 |   1 | 1494.0 |
       Dungeon |   1494 |   1494 |      0 |   1140 |      0 |   1 | 1494.0 |
               +--------+--------+--------+--------+--------+-----+--------+

Top non-repeatable levels by time:
       D: 1494 daAuts
